[Event "Live Chess"]
[Site "Chess.com"]
[Date "2023.09.16"]
[Round "-"]
[White "fernanndodod"]
[Black "ravypintodiniz"]
[Result "0-1"]
[WhiteElo "1980"]
[BlackElo "2012"]
[TimeControl "900+5"]
[EndTime "6:20:16 PDT"]
[Termination "ravypintodiniz venceu por desistência"]

1. e4 c5 2. Nf3 d6 3. d4 cxd4 4. Nxd4 Nf6 5. Nc3 a6 6. Bg5 e6 7. Be2 Be7 8. O-O Qc7 9. a4 Nc6 10.
Bf3 O-O 11. Qd2 Ne5 12. Be2 Nc4 13. Bxc4 Qxc4 14. f3 b6 15. b3 Qc7 16. Rac1 Bb7 17.
Rfe1 Rac8 18. Nce2 h6 19. Bxf6 Bxf6 20. c3 d5 21.
exd5 Bxd5 22. c4 Bb7 23. Qc2 Qc5 24. Rcd1 e5 25. b4 Qxc4 26. Qxc4 Rxc4 27. Nf5 Rxb4 28. Neg3 Bc8 29. Rd6 Bg5 30. Rxe5 Bf4 31. Ne7+ Kh7 32. Red5 Bxd6 33. Rxd6 Be6 34. Ne4 Re8 35. Nc6 Rxa4 36. Nd4 b5 37. Nc5 Ra1+ 38. Kf2 Bc8 39. h3 Rd1 40. Ncb3 Be6 41. Rxa6 Bc4 42. Nc5 Rxd4 0-1

[Event "Live Chess"]
[Site "Chess.com"]
[Date "2023.09.16"]
[Round "-"]
[White "zezemito921"]
[Black "kslusk"]
[Result "0-1"]
[WhiteElo "909"]
[BlackElo "785"]
[TimeControl "900+5"]
[EndTime "6:21:08 PDT"]
[Termination "kslusk venceu por desistência"]

1. e4 e6 2. d4 d5 3. e5 c5 4. c3 Nc6 5. Nf3 Qb6 6. Be3 Qxb2 7.
Na3 Qxa3 8. dxc5 Qxc3+ 9. Bd2 Qxc5 10. Be2 f6 11. O-O fxe5 12. Rc1 Qd6 13. Bb5 Bd7 14. Bxc6 Bxc6 15. Re1 Nf6 16. Nxe5 Be7 17. Rc2 Rc8 18. Qb1 Ne4 19. Nf3 O-O 20. Bb4 Qd7 21. Bxe7 Qxe7 22.
Ne5 Qf6 23. Nxc6 Rxc6 24. Rxc6 bxc6 25. f3 Qd4+ 26. Kh1 Nf2+ 27. Kg1 Nd3+ 28. Kh1 Nxe1 29.
Qxe1 Kf7 30. Qa5 Qb6 31. Qe1 Rb8 0-1

[Event "Live Chess"]
[Site "Chess.com"]
[Date "2023.09.16"]
[Round "-"]
[White "danilo655"]
[Black "AlphaKaua10"]
[Result "0-1"]
[WhiteElo "720"]
[BlackElo "1157"]
[TimeControl "900+5"]
[EndTime "6:21:25 PDT"]
[Termination "AlphaKaua10 venceu por desistência"]

1. e4 c5 2. f4 g6 3. Nf3 Bg7 4.
Nc3 b6 5. Bc4 Nf6 6. Qe2 O-O 7. e5 Nh5 8. a3 Nxf4 9. Qe4 Nxg2+ 10. Kf1 e6 11. Kxg2 d5 12. Qe2 dxc4 13. d3 Bb7 14. Kf2 cxd3 15. cxd3 f6 16. exf6 Qxf6 17. Ke1 Bxf3 18. Ne4 Bxe2 19. Nxf6+ Rxf6 20. Kxe2 Nc6 21. Bd2 Nd4+ 22. Kd1 Raf8 23. Be1 Rf1 24. Rxf1 Rxf1 25.
Kd2 Bh6+ 0-1

[Event "Live Chess"]
[Site "Chess.com"]
[Date "2023.09.16"]
[Round "-"]
[White "RickBrasil"]
[Black "icarohm"]
[Result "0-1"]
[WhiteElo "1867"]
[BlackElo "1893"]
[TimeControl "900+5"]
[EndTime "6:21:42 PDT"]
[Termination "icarohm venceu por desistência"]

1. e4 e6 2. d4 d5 3. exd5 exd5 4. Bd3 Bd6 5. Ne2 Nf6 6. O-O O-O 7. h3 b6 8. Bf4 Bb7 9. c3 c5 10. Bxd6 Qxd6 11. Nd2 Nbd7 12. Nf3 Rfe8 13. Re1 Rac8 14. a3 Nf8 15. b4 c4 16. Bc2 Ne4 17. Nd2 Re6 18. f3 Ng3 19. Nxg3 Qxg3 20. Rxe6 Nxe6 21. Qe1 Qf4 22. Nf1 Re8 23. Qg3 Nxd4 24. Re1 Rxe1 25. Qxe1 Ne6 26. g3 Qxf3 27. Qe5 d4 0-1

[Event "Live Chess"]
[Site "Chess.com"]
[Date "2023.09.16"]
[Round "-"]
[White "Thiago1451"]
[Black "maylso"]
[Result "0-1"]
[WhiteElo "571"]
[BlackElo "1433"]
[TimeControl "900+5"]
[EndTime "6:21:53 PDT"]
[Termination "maylso venceu por xeque-mate"]

1. c4 e5 2. Nc3 Nf6 3. Nf3 Nc6 4. d4 exd4 5. Nxd4 Bc5 6. Nxc6 bxc6 7. g3 O-O 8. Bg2 d5 9. cxd5 cxd5 10. O-O d4 11. Nb5 Nd5 12. Nxd4 Bb7 13. Nf5 Re8 14. a3 c6 15. b4 Bb6 16. Bb2 Ba6 17. Bd4 Bxe2 18. Qd2 Bxf1 19. Rxf1 Bxd4 20. Qxd4 f6 21. Ne3 Nxe3 22. fxe3 Qxd4 23. exd4 Rad8 24. Bxc6 Re6 25.
d5 Re3 26. a4 Re4 27. b5 Rxa4 28. Rb1 Rb8 29. d6 Kf8 30. d7 Ke7 31. Re1+ Kd6 32. Rd1+ Kc7 33. Re1 Rd4 34. Re7 Kb6 35. Rxg7 a6 36.
bxa6 Kxc6 37. Rxh7 Rxd7 38. Rxd7 Kxd7 39. a7 Ra8 40. Kg2 Rxa7 41. Kh3 Ra5 42. Kg4 Ke6 43. Kf4 Rf5+ 44. Ke4 Rh5 45. g4 Rxh2 46. Kf4 Rf2+ 47. Ke4 Ra2 48. g5 fxg5 49. Kf3 Ra8 50. Kg4 Ra5 51.
Kf3 Kf6 52. Kg3 Kf5 53. Kf3 Ra3+ 54. Kg2 Kf4 55. Kf2 Ra2+ 56. Ke1 Ke3 57. Kf1 Kf3 58. Kg1 g4 59. Kh1 g3 60. Kg1 Ra1# 0-1

[Event "Live Chess"]
[Site "Chess.com"]
[Date "2023.09.16"]
[Round "-"]
[White "NavarroChess09"]
[Black "Edson_Zarnelli"]
[Result "1-0"]
[WhiteElo "1322"]
[BlackElo "752"]
[TimeControl "900+5"]
[EndTime "6:22:24 PDT"]
[Termination "NavarroChess09 venceu por desistência"]

1. d4 d5 2. Nc3 Nf6 3. Nf3 Nc6 4. Bg5 e6 5. e3 Be7 6. Ne5 Nxe5 7. dxe5 Ne4 8. Nxe4 dxe4 9. Qxd8+ Bxd8 10. Bxd8 Kxd8 11. Rd1+ Ke7 12. Bc4 Rd8 13. O-O Bd7 14. f3 a6 15.
Bb3 exf3 16. Rxf3 Bc6 17. Rxd8 Rxd8 18. Rf1 Bb5 19. c4 Bc6 20. g3 Rd2 21. Rf2 Rd3 22.
Re2 Bf3 23. Re1 b5 24. Kf2 bxc4 25. Bxc4 Rd2+ 26. Kxf3 Rxb2 27. h4 Rc2 28. Bxa6 Rxa2 29. Bd3 Ra5 30. Rc1 Rd5 31. Rxc7+ Kd8 32. Rxf7 Rxd3 33. Rxg7 Rd7 34. Rxd7+ Kxd7 35. g4 Ke7 36. g5 Kf7 37. h5 Kg7 38. Kg4 h6 39. g6 Kf8 40. e4 Kg7 41. Kf4 Kf8 42. Ke3 Ke7 43.
Kd4 Kd7 44. g7 Ke7 45. g8=Q Kd7 46. Qf7+ Kd8 47. Qxe6 1-0

[Event "Live Chess"]
[Site "Chess.com"]
[Date "2023.09.16"]
[Round "-"]
[White "zxsimon"]
[Black "augustodemoraisrocha"]
[Result "1/2-1/2"]
[WhiteElo "1483"]
[BlackElo "1468"]
[TimeControl "900+5"]
[EndTime "6:22:25 PDT"]
[Termination "Partida empatada por acordo"]

1. e4 e5 2. Nf3 Nc6 3. Bc4 h6 4. d3 Nf6 5. Nc3 Bb4 6. Bd2 Bxc3 7. Bxc3 d6 8. h3 Qe7 9. Qd2 Be6 10. Bb3 Bxb3 11. axb3 a6 12. O-O d5 13. Rfe1 dxe4 14. dxe4 Nd7 15. b4 O-O 16. Red1 Rfd8 17. Re1 Qf6 18.
Qe3 Nb6 19. b3 Rd7 20. Nd2 Nc8 21. Nc4 Nd6 22. Nxd6 Rxd6 23. b5 Nd4 24. Bxd4 Rxd4 25. bxa6 Rxa6 26. Rxa6 Qxa6 1/2-1/2

[Event "Live Chess"]
[Site "Chess.com"]
[Date "2023.09.16"]
[Round "-"]
[White "KauaShelby015"]
[Black "Mozart5501"]
[Result "1/2-1/2"]
[WhiteElo "1250"]
[BlackElo "1793"]
[TimeControl "900+5"]
[EndTime "6:24:05 PDT"]
[Termination "Partida empatada por acordo"]

1. e4 e5 2. Nf3 Nc6 3. d4 exd4 4.
Bc4 Bb4+ 5. c3 dxc3 6. bxc3 Ba5 7. Qd5 Qf6 8. O-O Nge7 9. Qd3 d6 10. Bg5 Qg6 11. Nbd2 O-O 12. Nb3 Bb6 13. Rad1 Bg4 14. Bxe7 Nxe7 15. h3 Bxh3 16. Nh4 Qg5 17. Qxh3 Nc6 18.
Nf3 Qg6 19. Bd3 Ne5 20. Nxe5 dxe5 21. Kh1 Rad8 22. Be2 Rxd1 23. Bxd1 Qxe4 24. Qf3 Qh4+ 25. Qh3 Bxf2 26. Qxh4 Bxh4 27. Nc5 b6 28. Ne4 f5 29. Nd2 c5 1/2-1/2

[Event "Live Chess"]
[Site "Chess.com"]
[Date "2023.09.16"]
[Round "-"]
[White "Abofado"]
[Black "sleepGM86"]
[Result "0-1"]
[WhiteElo "578"]
[BlackElo "1115"]
[TimeControl "900+5"]
[EndTime "6:24:06 PDT"]
[Termination "sleepGM86 venceu por xeque-mate"]

1. e4 c5 2. Nf3 Nc6 3. d4 cxd4 4. Nxd4 g6 5. Nxc6 bxc6 6. Bc4 Bg7 7. Qf3 e6 8. Nc3 d5 9. exd5 cxd5 10. Bb5+ Bd7 11.
O-O Bxb5 12. Nxb5 Nf6 13. Bf4 O-O 14. Rfd1 Nh5 15. Bc7 Qd7 16. Bg3 Nxg3 17. hxg3 Qxb5 18. g4 Qe8 19. Qh3 Bxb2 20. Rab1 Bg7 21. f3 Rb8 22.
Kf2 Rxb1 23. Rxb1 Bd4+ 24. Ke2 Bg7 25. Rh1 h6 26. g5 h5 27. g4 Qb5+ 28. Kd2 Qb4+ 29. c3 Qb2+ 30. Kd3 Qxc3+ 31. Ke2 Qe5+ 32. Kd3 Qxg5 33. a4 Rb8 34. Rc1 Qxc1 35. gxh5 Rb3+ 36. Ke2 Qe3+ 37. Kd1 Rb2 38. hxg6 Qd2# 0-1

[Event "Live Chess"]
[Site "Chess.com"]
[Date "2023.09.16"]
[Round "-"]
[White "ArthurMPRJ"]
[Black "vitinho_lawliet"]
[Result "1-0"]
[WhiteElo "1249"]
[BlackElo "948"]
[TimeControl "900+5"]
[EndTime "6:25:10 PDT"]
[Termination "ArthurMPRJ venceu por xeque-mate"]

1. d4 d5 2. c4 e6 3. Nc3 Nf6 4. cxd5 exd5 5. Bg5 Be7 6. e3 Bf5 7. Bxf6 Bxf6 8. Qb3 Be6 9. Qxb7 Nd7 10. Bb5 Rb8 11. Bxd7+ Bxd7 12. Qxd5 O-O 13. Nf3 c6 14. Qc4 Be6 15. Qe2 Qa5 16. O-O c5 17. Ne4 cxd4 18.
Nxf6+ gxf6 19. Nxd4 Bd5 20. Nf5 Be6 21. Qg4+ Kh8 22. Qg7# 1-0

[Event "Live Chess"]
[Site "Chess.com"]
[Date "2023.09.16"]
[Round "-"]
[White "Arthur1611br"]
[Black "Francisco_Ferrari"]
[Result "0-1"]
[WhiteElo "1009"]
[BlackElo "2169"]
[TimeControl "900+5"]
[EndTime "6:25:15 PDT"]
[Termination "Francisco_Ferrari venceu por desistência"]

1. e3 e5 2. Bc4 d5 3. Bb3 Nf6 4. Nc3 c6 5. e4 d4 6. Nce2 Bd6 7. f3 O-O 8. Ng3 b5 9. N1e2 c5 10.
c4 bxc4 11. Bxc4 Nc6 12. O-O Na5 13. b3 Nxc4 14. bxc4 Ba6 15. Qc2 g6 16. Rb1 Rb8 17. Rxb8 Qxb8 18. Qa4 Qb6 19. Ba3 Rb8 20. Qd1 Bxc4 21. d3 Bxa2 22. Qc2 Bb3 23. Rb1 Bxc2 24. Rxb6 Rxb6 25. Bc1 Bxd3 26. Ba3 c4 27. f4 Rb1+ 28. Bc1 exf4 29. e5 Bxe5 0-1

[Event "Live Chess"]
[Site "Chess.com"]
[Date "2023.09.16"]
[Round "-"]
[White "InfinityDelas"]
[Black "IanFLS"]
[Result "0-1"]
[WhiteElo "753"]
[BlackElo "1858"]
[TimeControl "900+5"]
[EndTime "6:25:16 PDT"]
[Termination "IanFLS venceu por desistência"]

1. e4 c6 2. Nc3 d5 3. Bd3 d4 4. Nce2 e5 5. Nf3 Qd6 6. O-O Bg4 7. Ng3 Be7 8. Nf5 Bxf5 9. exf5 Nf6 10. h3 e4 11. Qe2 exf3 12. Qxf3 O-O 13. c3 Nbd7 14. c4 Ne5 15. Qe2 Nxd3 16. Qxd3 c5 17. Qf3 Bd8 18.
Qxb7 Bc7 19. g3 Ne4 20. Qxe4 Rfe8 21. Qg2 d3 22. b3 Rad8 23. Bb2 Re2 24. Rad1 Rde8 25.
Bc3 Qh6 26. a3 Qg5 27. b4 cxb4 28. axb4 Qxf5 29. b5 Bb6 30. h4 Qc5 31. Qf3 Qxc4 32. Rfe1 Rxe1+ 33. Rxe1 Rxe1+ 34. Kg2 Qe4 35. g4 Rg1+ 36.
Kxg1 Qxf3 0-1

[Event "Live Chess"]
[Site "Chess.com"]
[Date "2023.09.16"]
[Round "-"]
[White "AnthonyGabriel1"]
[Black "daniel-drummond"]
[Result "1-0"]
[WhiteElo "2187"]
[BlackElo "1542"]
[TimeControl "900+5"]
[EndTime "6:26:15 PDT"]
[Termination "AnthonyGabriel1 venceu por desistência"]

1. e4 e5 2. Bc4 Nc6 3. Nc3 Nf6 4. Nf3 Be7 5. d4 exd4 6. Nxd4 O-O 7. O-O Bc5 8. Nb3 Bb6 9. Bg5 h6 10. Bh4 d6 11. Nd5 g5 12. Nxf6+ Qxf6 13. Bg3 Qg6 14. a4 a5 15. c3 h5 16. h3 h4 17. Bh2 Qxe4 18.
Bd3 Qe7 19. Re1 Qf6 20. Kh1 Qxf2 21. Qh5 f5 22. Qg6+ Kh8 23. Qh6+ Kg8 24. Bc4+ Rf7 25. Qg6+ Kh8 26. Re8+ 1-0

[Event "Live Chess"]
[Site "Chess.com"]
[Date "2023.09.16"]
[Round "-"]
[White "vitinho_lawliet"]
[Black "Francisco_Ferrari"]
[Result "0-1"]
[WhiteElo "948"]
[BlackElo "2169"]
[TimeControl "900+5"]
[EndTime "6:27:33 PDT"]
[Termination "Francisco_Ferrari venceu por xeque-mate"]

1. e4 e5 2. Nf3 Nc6 3. Bb5 f5 4. exf5 Nf6 5. Nc3 Bc5 6. Nxe5 Bxf2+ 7. Kxf2 Nxe5 8. Qe1 O-O 9. Qxe5 Ng4+ 10. Kg3 Nxe5 11. Re1 Qg5+ 12. Kf2 Qxf5+ 13. Kg1 Qf2+ 14. Kh1 Qxe1+ 15.
Bf1 Rxf1# 0-1

[Event "Live Chess"]
[Site "Chess.com"]
[Date "2023.09.16"]
[Round "-"]
[White "Edson_Zarnelli"]
[Black "Thiago1451"]
[Result "1-0"]
[WhiteElo "756"]
[BlackElo "567"]
[TimeControl "900+5"]
[EndTime "6:27:44 PDT"]
[Termination "Edson_Zarnelli venceu por desistência"]

1. e4 c5 2. c3 Nc6 3. d4 b6 4. d5 Ne5 5. Nf3 Nxf3+ 6. Qxf3 e6 7. Qd3 exd5 8. Qxd5 Rb8 9. Bf4 Bb7 10. Qe5+ Be7 11. Qxb8 Qxb8 12. Bxb8 Nf6 13. Nd2 O-O 14. Bxa7 Nxe4 15.
Nxe4 Bxe4 16. Bxb6 Re8 17. Be2 Bxg2 18. Rg1 Be4 19.
f3 Bc2 20. Rc1 Bh4+ 21. Kd2 Bg6 22. Bd3 Bg5+ 23. Kc2 Bxd3+ 24. Kxd3 Re3+ 25. Kc4 Re4+ 26. fxe4 Bxc1 27. Rxc1 1-0

[Event "Live Chess"]
[Site "Chess.com"]
[Date "2023.09.16"]
[Round "-"]
[White "xadrecarloso"]
[Black "Ggavioli"]
[Result "0-1"]
[WhiteElo "937"]
[BlackElo "1560"]
[TimeControl "900+5"]
[EndTime "6:28:15 PDT"]
[Termination "Ggavioli venceu por desistência"]

1. d4 c6 2. Bf4 d6 3. e3 g5 4.
Bg3 h5 5. h3 Nf6 6. Nf3 g4 7.
hxg4 Bxg4 8. Bd3 Qb6 9. b3 Nbd7 10. Nbd2 e5 11. c3 e4 12. Nxe4 Nxe4 13. Bxe4 Nf6 14. Qd3 Be7 15. O-O O-O-O 16. Ng5 Nxe4 17. Qxe4 Bxg5 18. Bf4 Bxf4 19. Qxf4 Qc7 20. e4 d5 21. f3 Qxf4 0-1

[Event "Live Chess"]
[Site "Chess.com"]
[Date "2023.09.16"]
[Round "-"]
[White "fernanndodod"]
[Black "zezemito921"]
[Result "1-0"]
[WhiteElo "1980"]
[BlackElo "909"]
[TimeControl "900+5"]
[EndTime "6:28:46 PDT"]
[Termination "fernanndodod venceu por desistência"]

1. e4 e5 2. Nf3 Nc6 3. Bb5 d6 4. d4 f6 5. d5 a6 6. Bxc6+ bxc6 7. dxc6 Ne7 8. Be3 Nxc6 9. c3 Be7 10. Qb3 Rb8 11.
Qc2 O-O 12. Nbd2 Bg4 13. h3 Bxf3 14. Nxf3 d5 15. O-O-O Rb5 16. exd5 Rxd5 17. Qb3 Nd4 18. Bxd4 exd4 19. Rxd4 Bc5 20. Rxd5 Qxd5 21. Qxd5+ Rf7 22. Qxc5 1-0

[Event "Live Chess"]
[Site "Chess.com"]
[Date "2023.09.16"]
[Round "-"]
[White "KiwiDoFbi"]
[Black "z_anne_ari"]
[Result "1-0"]
[WhiteElo "1263"]
[BlackElo "1277"]
[TimeControl "900+5"]
[EndTime "6:28:54 PDT"]
[Termination "KiwiDoFbi venceu por desistência"]

1. e4 d5 2. exd5 Qxd5 3. Nc3 Qa5 4. Nf3 Nf6 5. d4 Bg4 6. Bd2 c6 7. h3 Bh5 8. Bc4 Qc7 9. O-O e6 10. Re1 Be7 11. Bg5 O-O 12. Bxf6 Bxf6 13. Ne4 Qf4 14. Nxf6+ Qxf6 15. Re3 Nd7 16. Be2 Bg6 17. Ne5 Nxe5 18. dxe5 Qh4 19. Bd3 Rad8 20. Qe2 Bh5 21. Qe1 Bg6 22.
Kh2 Bxd3 23. Rxd3 f6 24. g3 Qh6 25. exf6 Qxf6 26. Rxd8 Rxd8 27. Kg2 Qxb2 28. Qxe6+ Kh8 29. Re1 h6 30. Qe7 Qd4 31. Qxb7 Qd5+ 32. Kg1 Qd2 33.
Rf1 Qxc2 34. Qxa7 c5 35. Qa6 Qf5 36. Kh2 Rd2 37. Kg2 Qe4+ 38. Kg1 c4 39. Qa3 Rd3 40.
Qb4 Qd4 41. Qf8+ Kh7 42. Qf5+ Kg8 43. Qe6+ Kf8 44. Qc8+ Qd8 45. Qxd8+ Rxd8 46. Rc1 Rd4 47. Kf1 Ke7 48. Ke2 Kd6 49. Ke3 Kd5 50. a4 Rd3+ 51. Kf4 Ra3 52. Kf5 Rxa4 53. Rd1+ Kc5 54. Kg6 c3 55. Kxg7 c2 56. Rc1 Ra2 57. Kxh6 Kd4 58. f4 Kc3 59. f5 Kd2 60. Rxc2+ Rxc2 61. f6 Rc6 62. Kg7 Ke3 63. f7 Rc8 64. f8=Q Rxf8 65. Kxf8 Kf3 66. h4 Kxg3 67. h5 Kg4 68. h6 Kg5 69. h7 Kg6 70. h8=Q Kf5 71. Qh6 1-0

[Event "Live Chess"]
[Site "Chess.com"]
[Date "2023.09.16"]
[Round "-"]
[White "Torugomilho11"]
[Black "KBT2007"]
[Result "0-1"]
[WhiteElo "1135"]
[BlackElo "1892"]
[TimeControl "900+5"]
[EndTime "6:29:18 PDT"]
[Termination "KBT2007 venceu por desistência"]

1. e4 c6 2. d4 d5 3. exd5 cxd5 4. Bd3 Nf6 5. Nf3 Nc6 6. Bg5 Bg4 7. c3 e6 8. Nbd2 Be7 9. Bxf6 Bxf6 10. Qb3 Bxf3 11. Nxf3 Qc7 12. O-O O-O 13. Qc2 h6 14. Rfe1 Rac8 15.
Rad1 Kh8 16. Re2 Qb6 17. Rde1 Bxd4 18. Nxd4 Nxd4 19. Qd2 Nxe2+ 20. Rxe2 Qa5 21. a3 Rc7 22. Qf4 Rfc8 23. Qe3 Qb6 24. Qxb6 axb6 25. h3 d4 26.
cxd4 Rc1+ 27. Kh2 Rd1 28. Re3 Rd2 29. Kg3 Rxb2 30. Rf3 Kg8 31. a4 Kf8 32. Bg6 f5 33. d5 Rbc2 34. dxe6 R2c3 35. Bxf5 Rxf3+ 36. Kxf3 Ke7 37. Ke3 Rc4 38. Kd3 Rxa4 39. f3 Ra5 40. Bg4 h5 0-1

[Event "Live Chess"]
[Site "Chess.com"]
[Date "2023.09.16"]
[Round "-"]
[White "Riquelme_Leonardo"]
[Black "andre2873"]
[Result "1-0"]
[WhiteElo "1706"]
[BlackElo "634"]
[TimeControl "900+5"]
[EndTime "6:29:19 PDT"]
[Termination "Riquelme_Leonardo venceu por xeque-mate"]

1. e4 e5 2. Nf3 Nc6 3. Bc4 Bd6 4. O-O Nge7 5. Ng5 O-O 6. Nxf7 Rxf7 7. Bxf7+ Kxf7 8. Nc3 Ng6 9. d3 Bc5 10. Be3 d6 11. Bxc5 dxc5 12. Nd5 Nd4 13. c3 Ne6 14.
Ne3 Nef4 15. g3 Ne6 16. Qf3+ Kg8 17. a3 c6 18. Rfd1 Ne7 19. b4 cxb4 20. axb4 b5 21. d4 a5 22. bxa5 Rxa5 23. Rxa5 Qxa5 24. dxe5 c5 25.
Nf5 Qa7 26. Nxe7+ Qxe7 27. Qe3 g6 28. f4 Qf8 29. Kg2 h5 30. Rf1 Ng7 31. Qd3 c4 32. Qd5+ Be6 33. Qxb5 Kh7 34. Qb1 Kh6 35. Qc1 Kh7 36.
Qe3 Kh8 37. f5 gxf5 38. Qh6+ Kg8 39. exf5 Nxf5 40. Qg6+ Ng7 41. Rxf8+ Kxf8 42. Qf6+ Kg8 43. Kf3 Bd5+ 44. Kf4 Be6 45. Qd8+ Kh7 46. Kg5 Bf5 47. Qf6 Be6 48. h4 Bg4 49. Qh6+ Kg8 50. Qg6 Kh8 51. Kf6 Kg8 52. Qxg7# 1-0

[Event "Live Chess"]
[Site "Chess.com"]
[Date "2023.09.16"]
[Round "-"]
[White "Du_Felix"]
[Black "abaakate"]
[Result "1/2-1/2"]
[WhiteElo "1932"]
[BlackElo "1937"]
[TimeControl "900+5"]
[EndTime "6:29:44 PDT"]
[Termination "Partida empatada por acordo"]

1. e4 c5 2. Nf3 Nc6 3. d3 d6 4. g3 Nf6 5. Bg2 Bg4 6. O-O Qd7 7. Re1 g6 8. Nbd2 Bg7 9. Nf1 O-O 10. Ne3 Bh3 11.
c3 Bxg2 12. Nxg2 b5 13. Bf4 b4 14. Qd2 a5 15. Bh6 Qh3 16. Bxg7 Kxg7 17. Nf4 Qh6 18. Rad1 Ne5 19. Nxe5 dxe5 20. Nd5 Qxd2 21. Rxd2 Nxd5 22. exd5 f6 23. d4 cxd4 24. cxd4 e4 25. Rxe4 Kf7 26. Rde2 Ra7 27. Rc2 Rd8 28. Rc5 a4 29. Rb5 a3 30.
Rxb4 axb2 31. Rxb2 Rxd5 32. Rd2 e5 33. Kf1 Ra4 34.
Ke2 exd4 35. Rh4 d3+ 36. Rxd3 Rxa2+ 37. Ke3 Re5+ 38. Kf3 Rf5+ 39. Rf4 Rxf4+ 40. gxf4 1/2-1/2

[Event "Live Chess"]
[Site "Chess.com"]
[Date "2023.09.16"]
[Round "-"]
[White "migu345"]
[Black "brenin12345"]
[Result "1/2-1/2"]
[WhiteElo "997"]
[BlackElo "767"]
[TimeControl "900+5"]
[EndTime "6:30:04 PDT"]
[Termination "Partida empatada - material insuficiente"]

1. e4 e5 2. Nf3 Nc6 3. Bc4 Nf6 4. d3 Bc5 5. Nc3 d6 6. Na4 Bg4 7. O-O O-O 8. a3 a6 9. Nxc5 dxc5 10. h3 Bxf3 11. Qxf3 b5 12. Ba2 Qd6 13. Bg5 Nd4 14. Qd1 h6 15. Bh4 g5 16. Bg3 Rae8 17. f4 gxf4 18.
Bh4 b4 19. Bxf6 Qxf6 20. Qg4+ Qg5 21. Qxg5+ hxg5 22. c3 Ne2+ 23. Kh2 bxc3 24. bxc3 Nxc3 25. Bc4 Nb5 26. Bxb5 axb5 27. Rab1 c6 28. Rfc1 Ra8 29. Rxc5 Rxa3 30. Rxe5 f6 31. Re6 Rxd3 32. Rxc6 f3 33. gxf3 Rxf3 34. Rxb5 Rf4 35. Re6 Kf7 36. Rbb6 Re8 37.
Rxe8 Kxe8 38. Re6+ Kf7 39. Ra6 Rxe4 40. Ra7+ Ke6 41.
Ra6+ Kf5 42. Kg3 Re6 43. Ra5+ Re5 44. Ra4 Re4 45. Ra3 g4 46. Ra5+ Re5 47. hxg4+ Kg5 48. Rxe5+ fxe5 49. Kf3 Kf6 50. Ke4 Kg5 51. Kxe5 Kxg4 1/2-1/2

[Event "Live Chess"]
[Site "Chess.com"]
[Date "2023.09.16"]
[Round "-"]
[White "vitinho_lawliet"]
[Black "Thiago1451"]
[Result "1-0"]
[WhiteElo "950"]
[BlackElo "565"]
[TimeControl "900+5"]
[EndTime "6:30:09 PDT"]
[Termination "vitinho_lawliet venceu por desistência"]

1. e4 c5 2. f4 Nc6 3. Nc3 d6 4. Bb5 Bd7 5. Bxc6 Bxc6 6. e5 Bxg2 7. exd6 Bxh1 8. Qe2 Qxd6 9. Nb5 Qxf4 10. d3 Qh4+ 11. Kd1 Qf4 12. Bxf4 1-0

[Event "Live Chess"]
[Site "Chess.com"]
[Date "2023.09.16"]
[Round "-"]
[White "kslusk"]
[Black "AlphaKaua10"]
[Result "0-1"]
[WhiteElo "778"]
[BlackElo "1186"]
[TimeControl "900+5"]
[EndTime "6:31:05 PDT"]
[Termination "AlphaKaua10 venceu por desistência"]

1. e4 c5 2. Nf3 g6 3. d4 cxd4 4. Nxd4 Bg7 5. Nc3 Qb6 6. Nb3 Nf6 7. Bd3 e6 8. Be3 Qc7 9. Nb5 Qc6 10. N3d4 Qb6 11. Nf5 Qa5+ 12. Bd2 Qb6 13. Nfd6+ Ke7 14. Nxc8+ Rxc8 15. O-O a6 16. Bb4+ Ke8 17. Nd6+ Kd8 18. Nxc8 Kxc8 19. Qd2 Nc6 20. Bc3 Kd8 21. a4 Ke8 22. Ra3 Kf8 23. Rb3 Qc7 24. Bxf6 Bxf6 25.
f4 Nd4 26. Rc3 Qb6 27. e5 Nf3+ 28. Kh1 Nxd2 0-1

[Event "Live Chess"]
[Site "Chess.com"]
[Date "2023.09.16"]
[Round "-"]
[White "Mozart5501"]
[Black "augustodemoraisrocha"]
[Result "1-0"]
[WhiteElo "1795"]
[BlackElo "1466"]
[TimeControl "900+5"]
[EndTime "6:31:38 PDT"]
[Termination "Mozart5501 venceu por xeque-mate"]

1. e4 e5 2. Nf3 Nc6 3. d4 exd4 4. Bc4 Nf6 5. e5 Qe7 6. O-O Ng8 7. Re1 Qc5 8. Bb3 Nge7 9. Ng5 Nd8 10. Qf3 d6 11.
Nxf7 Nxf7 12. Qxf7+ Kd8 13. exd6 Qxd6 14. Bg5 Bd7 15. Nd2 h6 16. Bxe7+ Bxe7 17. Nc4 Qf6 18. Ne5 Bd6 19. Qxd7# 1-0

[Event "Live Chess"]
[Site "Chess.com"]
[Date "2023.09.16"]
[Round "-"]
[White "fernanndodod"]
[Black "xadrecarloso"]
[Result "1-0"]
[WhiteElo "1980"]
[BlackElo "937"]
[TimeControl "900+5"]
[EndTime "6:31:45 PDT"]
[Termination "fernanndodod venceu por desistência"]

1. e4 c5 2. Nf3 a6 3. d4 cxd4 4. Nxd4 Nf6 5. Nc3 b5 6. a3 Bb7 7. Bd3 g6 8. O-O Bg7 9. Be3 Ng4 10. Qxg4 h6 11. Rad1 1-0

[Event "Live Chess"]
[Site "Chess.com"]
[Date "2023.09.16"]
[Round "-"]
[White "mary260210"]
[Black "Giulliajapa007"]
[Result "1/2-1/2"]
[WhiteElo "853"]
[BlackElo "995"]
[TimeControl "900+5"]
[EndTime "6:32:11 PDT"]
[Termination "Partida empatada - material insuficiente"]

1. d4 d5 2. Nc3 Nf6 3. Nf3 Nc6 4. Bg5 h6 5. Bxf6 exf6 6. Qd2 Be6 7. e4 dxe4 8. Nxe4 Qd7 9. O-O-O O-O-O 10. Nc5 Bxc5 11. dxc5 Qxd2+ 12. Rxd2 Bxa2 13. Rxd8+ Rxd8 14. Bb5 Nb4 15. Re1 a6 16. Ba4 b5 17. cxb6 cxb6 18. Re7 Bd5 19. Bb3 Bxb3 20. cxb3 Nd3+ 21. Kc2 Nxf2 22. Rxf7 g5 23.
Rxf6 Ng4 24. Rxb6 Ne3+ 25. Kc3 Nxg2 26. Rxh6 Kb7 27. Nxg5 Rc8+ 28. Kb4 Ne3 29. Ka5 Rc5+ 30. Kb4 Rxg5 31. Rh3 Nc2+ 32. Kc3 Rc5+ 33. Kd2 Nd4 34.
Rc3 Rd5 35. Ke3 Nf5+ 36. Ke4 Ne7 37. Rd3 Rh5 38. Rd2 Rh4+ 39. Kf3 Rh3+ 40. Kg2 Rxb3 41. Rd7+ Kc6 42. Rxe7 Rxb2+ 43. Kh3 Kc5 44. Re6 Rb3+ 45.
Kg2 Ra3 46. h4 Kd5 47. Rh6 a5 48. h5 Ra2+ 49. Kg3 Rb2 50. Kg4 Rg2+ 51. Kf5 a4 52.
Rh8 a3 53. Ra8 Rf2+ 54. Kg4 Ra2 55. h6 Rh2 56. Kg5 a2 57. Rxa2 Rxa2 58. Kg6 Ra6+ 59. Kh5 Ke5 60. h7 Ra8 61. Kg6 Rh8 62. Kg7 Rxh7+ 63.
Kxh7 1/2-1/2

[Event "Live Chess"]
[Site "Chess.com"]
[Date "2023.09.16"]
[Round "-"]
[White "MateusLuan08"]
[Black "lucasportolelis"]
[Result "0-1"]
[WhiteElo "1564"]
[BlackElo "1687"]
[TimeControl "900+5"]
[EndTime "6:32:21 PDT"]
[Termination "lucasportolelis venceu por desistência"]

1. e4 e5 2. Nf3 Nc6 3. d4 exd4 4.
Nxd4 Nf6 5. Nc3 Bc5 6. Be3 Bb6 7. Bc4 d6 8. O-O O-O 9. Nxc6 bxc6 10. Qd2 Re8 11. f3 Be6 12. Bxe6 Rxe6 13. Rad1 Qe7 14. Rfe1 Rd8 15. Na4 Bxe3+ 16. Qxe3 c5 17. Nc3 Rb8 18. b3 Rb4 19. Qf2 c6 20. Re2 Rb8 21. Red2 h6 22. Qg3 Rd8 23. Ne2 Nh5 24. Qf2 Rg6 25. g3 Qe5 26. Qg2 d5 27. Kf2 d4 28.
f4 Qe7 29. e5 Qe6 30. c3 f6 31. cxd4 c4 32. exf6 Nxf6 33. bxc4 Ne4+ 34. Kf1 Nxd2+ 35. Rxd2 Qxc4 36. Qe4 Qe6 37. Qd3 Qh3+ 38. Kg1 Rgd6 39. Qc4+ Qe6 40. Qa4 Qe3+ 41. Kf1 Qxd2 0-1

[Event "Live Chess"]
[Site "Chess.com"]
[Date "2023.09.16"]
[Round "-"]
[White "zxsimon"]
[Black "NavarroChess09"]
[Result "1-0"]
[WhiteElo "1488"]
[BlackElo "1317"]
[TimeControl "900+5"]
[EndTime "6:32:25 PDT"]
[Termination "zxsimon venceu por desistência"]

1. e4 Nc6 2. Nf3 d6 3. Bc4 Nf6 4. h3 e5 5. d3 Be6 6. Bxe6 fxe6 7. Nc3 g6 8. Bg5 Bg7 9. Qd2 O-O 10. a3 d5 11. exd5 exd5 12. O-O-O d4 13. Ne2 Qd5 14. Kb1 a5 15. Bh6 b5 16. Bxg7 Kxg7 17. c3 b4 18. c4 Qc5 19. a4 b3 20. Nc1 Rfb8 21. h4 Rb4 22. h5 Rab8 23. h6+ Kf7 24. Ng5+ Ke7 25. f4 Rxa4 26. fxe5 Nxe5 27. Rde1 Kd6 28. Qf4 Nd7 29. Nf7+ Kc6 30. Nxe5+ Nxe5 31. Rxe5 Qd6 32.
Qe4+ Kd7 33. Rd5 Qxd5 34. Qxd5+ Kc8 35. Qxd4 Rbb4 36. Qg4+ Kb7 37. Qe4+ c6 38. Qe7+ Kb6 39. Qxh7 g5 40. Qf5 Ra2 41. Nxa2 bxa2+ 42. Kxa2 a4 43. h7 1-0